 Dungeon Crawl Stone Soup version 0.27-a0-223-ge082b6e869 (webtiles) character file.

Game seed: 17649408827045171533

609 Borgoz the Slasher (level 7, -2/59 HPs)
             Began as a Ghoul Gladiator on Feb 1, 2021.
             Slain by Prince Ribbit (7 damage)
             ... on level 6 of the Dungeon.
             The game lasted 00:04:40 (4333 turns).

Borgoz the Slasher (Ghoul Gladiator)                Turns: 4333, Time: 00:04:41

Health: -2/59      AC:  4    Str: 18    XL:     7   Next: 43%
Magic:  6/6        EV: 17    Int:  3    God:
Gold:   349        SH:  0    Dex: 12    Spells: 3/6 levels left

rFire    . . .     SeeInvis .   b - +0 great sword
rCold    + . .     Faith    .   (shield currently unavailable)
rNeg     + + +     Spirit   .   n - +0 leather armour
rPois    ∞         Reflect  .   c - +0 helmet
rElec    .         Harm     .   l - scarf {repulsion}
rCorr    .         Rampage  .   (no gloves)
Will     .....                  (no boots)
Stlth    +.........             (no amulet)
HPRegen  0.00/turn              (no ring)
MPRegen  0.10/turn              s - +4 ring of evasion

@: repel missiles
A: claws 1, cold resistance 1, negative energy resistance 3, inhibited
regeneration, torment resistance, unbreathing
a: no special abilities


You were on level 6 of the Dungeon.
You visited 2 branches of the dungeon, and saw 7 of its levels.

You collected 349 gold pieces.

Inventory:

Hand Weapons
 a - a +0 long sword
 b - a +0 great sword (weapon)
Missiles
 d - 3 throwing nets (quivered)
Armour
 c - a +0 helmet (worn)
 l - a scarf of repulsion (worn)
 n - a +0 leather armour (worn)
Jewellery
 s - a +4 ring of evasion (right claw)
Wands
 v - a wand of flame (35)
Scrolls
 g - 2 scrolls of remove curse
 i - a scroll of amnesia {unknown}
 j - 2 scrolls of blinking {unknown}
 m - a scroll of teleportation
 o - a scroll of fear {unknown}
 p - a scroll of random uselessness {unknown}
 r - 3 scrolls of magic mapping {unknown}
 x - a scroll of noise {unknown}
Potions
 e - 3 potions of degeneration
 f - 2 potions of heal wounds
 h - 3 potions of curing
 k - a potion of might {unknown}
 q - a potion of flight
 t - a potion of berserk rage {unknown}
 u - a potion of ambrosia {unknown}
 w - a potion of attraction {unknown}


   Skills:
 + Level 4.3 Fighting
 * Level 5.2 Long Blades
 - Level 1.7 Throwing
 + Level 2.8 Armour
 + Level 4.1 Dodging


You had 3 spell levels left.
You knew the following spells:

 Your Spells              Type           Power        Failure   Level
a - Confusing Touch       Hex            0%           91%         3

Your spell library contained the following spells:

 Spells                   Type           Power        Failure   Level
 Gell's Gravitas          Tloc           0%           91%         3
 Petrify                  Tmut/Erth      0%           100%        4
 Metabolic Englaciation   Hex/Ice        0%           100%        5
 Yara's Violent Unravell  Hex/Tmut       0%           100%        5


Dungeon Overview and Level Annotations

Branches:
Dungeon (6/15)             Temple (1/1) D:4

Altars:
Cheibriados
Dithmenos
Elyvilon
Fedhas
Kikubaaqudgha
Makhleb
Nemelex Xobeh
Okawaru
Qazlal
Ru
Sif Muna
Trog
Uskayaw
Vehumet
Zin
The Shining One

Shops:
D:5 :

Annotations:
D:4 2 runed translucent doors, richaworth's ghost, amateur DsGl
D:6 Prince Ribbit


Innate Abilities, Weirdness & Mutations

You thrive by killing the living.
You are immune to poison.
You have sharp fingernails.
Your flesh is cold resistant. (rC+)
You are immune to negative energy. (rN+++)
You do not regenerate when monsters are visible.
You are immune to unholy pain and torment.
You can survive without breathing.


Message History

You kill the orc priest!
An orc comes into view. It is wielding a +0 club.
Prince Ribbit hits you!
A magic dart appears from out of thin air!
The magic dart hits you. The orc priest completely misses you.
The orc shouts!
You hit the orc priest but do no damage.
Prince Ribbit misses you. Prince Ribbit closely misses you.
You riposte.
You barely miss Prince Ribbit.
Prince Ribbit is heavily wounded.
The orc priest misses you.
You barely miss the orc priest. Prince Ribbit hits you.
Something barely misses you. The orc priest completely misses you.
Prince Ribbit croaks regally.
Prince Ribbit barely misses you. Something hits you but does no damage.
You hit the orc priest but do no damage.
Prince Ribbit hits you!
* * * LOW HITPOINT WARNING * * *
The orc priest closely misses you. Prince Ribbit hits you!
You die...

.........##
#.....!... #.........
.#........
#....o...##
..........# ########
..........###.<....#
.......oF.#........#
......)@............#
........#...###.....#
...........## ##...#
../...##..## #..#
.....# #.## #..#
...## #.## ..# ##. #.
# .# ##


You could see Prince Ribbit, an orc priest and an orc.

Vanquished Creatures
  An ogre (D:4)
  A centaur (D:5)
  A phantom (D:4)
  Crazy Yiuf (D:5)
  2 orc priests (D:6)
  A hound (D:3)
  An orc wizard (D:5)
  2 worker ants
  A hound skeleton (D:4)
  6 adders
  3 gnolls (D:3)
  3 worms
  A dart slug (D:1)
  4 leopard geckos
  3 orcs
  7 bats
  A giant cockroach (D:3)
  7 goblins
  5 hobgoblins
  5 jackals
  6 kobolds
  3 quokkas
  3 frilled lizards
  A quokka skeleton (D:5)
  11 rats
80 creatures vanquished.

Notes
Turn   | Place    | Note
-------+----------+-------------------------------------------
     0 | D:1      | Borgoz the Ghoul Gladiator began the quest for the Orb.
     0 | D:1      | Reached XP level 1. HP: 17/17 MP: 0/0
   149 | D:1      | Reached XP level 2. HP: 23/25 MP: 1/1
   245 | D:1      | Reached skill level 3 in Long Blades
   864 | D:1      | Reached XP level 3. HP: 30/30 MP: 2/2
  1117 | D:2      | Reached skill level 1 in Armour
  1515 | D:2      | Reached XP level 4. HP: 33/37 MP: 3/3
  2150 | D:3      | Reached XP level 5. HP: 34/45 MP: 4/4
  2632 | D:3      | Found a stormy altar of Qazlal.
  2676 | D:4      | Reached skill level 4 in Long Blades
  2676 | D:4      | Found a sacrificial altar of Ru.
  2740 | D:4      | Noticed a phantom
  2746 | D:4      | Killed a phantom
  2747 | D:4      | Reached XP level 6. HP: 39/51 MP: 5/5
  3099 | D:4      | Found a large runed translucent door.
  3100 | D:4      | Found a large runed translucent door.
  3105 | D:4      | Noticed richaworth's ghost (amateur DsGl)
  3299 | D:4      | Found a staircase to the Ecumenical Temple.
  3436 | Temple   | Entered the Ecumenical Temple
  3616 | D:5      | Entered Level 5 of the Dungeon
  3626 | D:5      | Found Veavemet's Book Boutique.
  3658 | D:5      | Found a runed translucent door.
  3659 | D:5      | Noticed Crazy Yiuf
  3830 | D:5      | Learned a level 3 spell: Confusing Touch
  3861 | D:5      | Reached XP level 7. HP: 50/59 MP: 6/6
  3864 | D:5      | Reached skill level 5 in Long Blades
  4087 | D:5      | Found a shimmering blue altar of Sif Muna.
  4153 | D:5      | Noticed a +0 hand axe
  4153 | D:5      | Noticed a +0 hand axe
  4154 | D:5      | Found a hide-covered altar of Uskayaw.
  4248 | D:5      | Killed Crazy Yiuf
  4313 | D:6      | Noticed Prince Ribbit
  4333 | D:6      | Slain by Prince Ribbit

Illustrated notes

Levels and vault maps discovered:
D:1:      dpeg_arrival_stone_temple_mockup, layout_basic
D:2:      layout_loops_ring
D:3:      layout_rooms, skrybe_limestone_x, nrook_loot_triangle,
          supply_closet_lemuel, nicolae_qazlal_eye_of_the_storm
D:4:      layout_cave_pools, lemuel_doored_altar, lemuel_temple_firewalk_b,
          ebering_ghost_disaster_area
D:5:      layout_cave_pools, dancing_weapons_uskayaw, led_sif_pool,
          serial_shops, shop, uniq_crazy_yiuf_cottage
D:6:      layout_layer_cave, pdpol_wu_jian_five_deadly_venoms,
          nzn_hepliaklqana_mist_gate, enter_ossuary_4, minmay_manual_mail,
          uniq_sigmund, uniq_prince_ribbit1
Temple:   dshaligram_water_room_temple

Skill      XL: |  1  2  3  4  5  6  7 |
---------------+----------------------+-----
Long Blades    | 3 4 5 |  5.2
Armour         | 1 2 |  2.8
Dodging        | 3 4 |  4.1
Fighting       | 3 4 |  4.3
Throwing       | |  1.7

Action                   |  1- 3 |  4- 6 |  7- 9 || total
-------------------------+-------+-------+-------++-------
Melee: Long sword        |   101 |    12 |       ||   113
       Great sword       |       |    85 |    26 ||   111
Throw: Throwing net      |       |     4 |       ||     4
  Use: Scroll            |     1 |     7 |       ||     8
       Potion            |       |     1 |     1 ||     2
Armor: Leather armour    |    24 |    17 |     5 ||    46
Dodge: Dodged            |    70 |   103 |    42 ||   215
       Rpst.: Long sword |    21 |     3 |       ||    24
       Great sword       |       |    30 |    16 ||    46

Table legend: (Time is in decaauts)
 A = Elapsed time spent in this place.
 B = Non-inter-level travel time spent in this place.
 C = Inter-level travel time spent in this place.
 D = Time resting spent in this place.
 E = Time spent auto-exploring this place.
 F = Levels seen in this place.
 G = Mean time per level.
                   A        B        C        D        E       F      G
               +--------+--------+--------+--------+--------+-----+--------+
         Total |   4412 |   4243 |    169 |    497 |   3079 |   7 |  630.3 |
       Dungeon |   4293 |   4136 |    157 |    497 |   3010 |   6 |  715.5 |
        Temple |    118 |    106 |     12 |      0 |     69 |   1 |  118.0 |
               +--------+--------+--------+--------+--------+-----+--------+

Top non-repeatable levels by time:
     D:1: 991 daAuts
     D:2: 942 daAuts
     D:4: 856 daAuts
     D:3: 769 daAuts
     D:5: 703 daAuts
  Temple: 118 daAuts
     D:6: 30 daAuts
